 Dungeon Crawl Stone Soup version 0.21.1-1-g345015fe64 (webtiles) character file.

1276 ILYA101 the Slasher (level 8, -4/90 HPs)
             Began as a Black Draconian Fighter on Feb 18, 2018.
             Was a Follower of Hepliaklqana.
             Slain by a mummy (11 damage)
             ... in an ossuary.
             The game lasted 00:18:46 (4879 turns).

ILYA101 the Slasher (Black Draconian Fighter)       Turns: 4879, Time: 00:18:47

Health: -4/90      AC: 24    Str: 18    XL:     8   Next: 28%
Magic:  8/8        EV:  2    Int:  9    God:    Hepliaklqana [*.....]
Gold:   268        SH: 11    Dex: 13    Spells: 7/7 levels left

rFire    . . .     SeeInvis .   a - +1 long sword
rCold    . . .     Gourm    .   b - +1 shield
rNeg     + + +     Faith    .   (armour unavailable)
rPois    +         Spirit   .   (helmet currently unavailable)
rElec    .         Reflect  .   (cloak currently unavailable)
rCorr    .         Harm     .   (gloves currently unavailable)
MR       .....     NoTele   +   (boots currently unavailable)
Stlth    ++........             h - amulet of magic regeneration
HPRegen  0.25/turn              (no ring)
MPRegen  0.36/turn              (no ring)

@: tree-form
A: (breathe lightning), unfitting armour, reduced essence, AC +6
a: Recall Ancestor, Ancestor Identity, Renounce Religion


You were in an ossuary.
You worshipped Hepliaklqana.
Hepliaklqana was aware of your devotion.
You were hungry.
You were a tree.
You visited 1 branch of the dungeon, and saw 6 of its levels.
You also visited: Ossuary.

You collected 268 gold pieces.

Inventory:

Hand Weapons
 a - a +1 long sword (weapon)
Armour
 b - a +1 shield (worn)
 g - a +0 cloak (melded)
 o - a +0 pair of gloves (melded)
 s - a +0 pair of boots (melded)
Jewellery
 h - an amulet of magic regeneration (around neck)
 q - an uncursed ring of poison resistance {unknown}
Wands
 t - a wand of random effects (29)
Scrolls
 i - a scroll of teleportation
 m - 3 scrolls of amnesia
 p - a scroll of fog
Potions
 c - a potion of might
 e - 5 potions of curing
 f - a potion of lignification
 j - a potion of invisibility {unknown}
 l - 2 potions of haste {unknown}
 n - a potion of brilliance {unknown}
 r - a potion of degeneration {unknown}
Books
 k - a book of Cantrips

   Spells                             Type                      Level
   a - Confusing Touch                Hexes                        1
   b - Animate Skeleton               Necromancy                   1
   c - Summon Small Mammal            Summoning                    1
   d - Apportation                    Translocation                1
Comestibles
 d - 13 rations
 u - 3 chunks of flesh


   Skills:
 + Level 4.9 Fighting
 + Level 6.7 Long Blades
 + Level 5.1 Dodging
 + Level 2.6 Stealth
 + Level 5.0 Shields


You had 7 spell levels left.
You didn't know any spells.

Dungeon Overview and Level Annotations

Branches:
Dungeon (6/15)             Temple (0/1) D:4

Altars:
Dithmenos
Hepliaklqana
Trog
The Shining One

Shops:
D:6 (


Innate Abilities, Weirdness & Mutations

((You can breathe wild blasts of lightning.))
((Your glossy black scales are hard. (AC +6)))
You cannot fit into any form of body armour.
((You are resistant to electric shocks. (rElec)))
((You are cold-blooded and may be slowed by cold attacks.))
Your life essence is reduced to manifest your ancestor. (-10% HP)


Message History

* * * LOW HITPOINT WARNING * * *
The mummy hits you.
* * * LOW HITPOINT WARNING * * *
You block the big kobold zombie's attack.
You turn into a tree.
Your +0 cloak melds into your body.
Your +0 pair of gloves melds into your body.
Your +0 pair of boots melds into your body.
Your roots penetrate the ground.
The kobold zombie hits you but does no damage.
You block the mummy's attack.
You hit the big kobold zombie.
The big kobold zombie is lightly damaged.
The big kobold zombie hits you but does no damage.
You block the mummy's attack. The mummy hits you but does no damage.
The kobold zombie hits you but does no damage.
You hit the big kobold zombie.
The big kobold zombie is moderately damaged.
The big kobold zombie hits you but does no damage.
The mummy hits you but does no damage. x2; The mummy hits you!
You die...

............
#......Z.#
#......#
#....#
#....#
#....#
#.Z..#
#ZMZ.#
#.♣M.#
#..M.#
#....#
#.∩∩.#
######


You could see 3 mummies, a hobgoblin zombie, a kobold zombie and 2 big kobold
zombies.

Vanquished Creatures
  The ghost of ACAB the Chopper, an amateur MiBe of Trog (D:4)
  An eye of draining (D:3)
  2 ogres
  A bullfrog (D:6)
  A scorpion (D:5)
  A crimson imp (D:5)
  2 orc wizards
  3 worker ants
  2 mummies
  A worker ant zombie (D:5)
  6 adders
  An ancestor (D:4)
  6 gnolls
  3 oozes
  2 worms
  7 orcs
  6 bats
  4 giant cockroaches
  9 goblins
  7 hobgoblins
  9 jackals
  7 kobolds
  7 frilled lizards
  A hobgoblin zombie (Ossuary)
  A jackal skeleton (D:4)
  A kobold zombie (Ossuary)
  A leopard gecko skeleton (D:3)
  An orc zombie (Ossuary)
  A quokka skeleton (D:2)
  3 rats
98 creatures vanquished.

Vanquished Creatures (collateral kills)
  An eye of draining (D:3)
  An ogre (D:5)
  A hound (D:5)
  A gnoll shaman (D:5)
  An iguana (D:5)
  Terence (D:2)
  2 worker ants (D:5)
  A gnoll (D:5)
  A worm (D:3)
  A leopard gecko (D:3)
  4 orcs
  A jackal (D:5)
  A kobold (D:3)
  A frilled lizard (D:4)
  A goblin (D:3)
19 creatures vanquished.

Vanquished Creatures (others)
  2 ancestors (D:3)
2 creatures vanquished.

Grand Total: 119 creatures vanquished

Notes
Turn   | Place    | Note
-------+----------+-------------------------------------------
     0 | D:1      | ILYA101 the Draconian Fighter began the quest for the Orb.
     0 | D:1      | Reached XP level 1. HP: 19/19 MP: 1/1
   147 | D:1      | Reached XP level 2. HP: 24/26 MP: 2/2
   683 | D:1      | Reached XP level 3. HP: 26/31 MP: 3/3
   948 | D:2      | Found a hazy altar of Hepliaklqana.
   974 | D:2      | Became a worshipper of Hepliaklqana the Forgotten
  1296 | D:2      | Noticed Terence
  1304 | D:2      | Killed Terence
  1304 | D:2      | Reached skill level 3 in Long Blades
  1304 | D:2      | Reached XP level 4. HP: 36/36 MP: 4/4
  2034 | D:3      | Reached XP level 5. HP: 30/41 MP: 5/5
  2579 | D:3      | Reached * piety under Hepliaklqana
  2656 | D:3      | Reached skill level 4 in Long Blades
  2923 | D:3      | Noticed an eye of draining
  2923 | D:3      | Found a bloodstained altar of Trog.
  2923 | D:3      | Noticed an eye of draining
  2934 | D:3      | Killed an eye of draining
  2934 | D:3      | Reached skill level 1 in Stealth
  2934 | D:3      | Reached XP level 6. HP: 46/46 MP: 0/6
  3111 | D:4      | Found a staircase to the Ecumenical Temple.
  3114 | D:4      | Noticed ACAB's ghost (amateur MiBe)
  3130 | D:4      | Killed ACAB's ghost
  3130 | D:4      | Your scales start taking on a glossy black colour.
  3130 | D:4      | Reached XP level 7. HP: 21/53 MP: 7/7
  3130 | D:4      | Gained mutation: You are resistant to electric shocks. (rElec) [Black Draconian growth]
  3290 | D:4      | Reached skill level 5 in Long Blades
  3707 | D:4      | Found a glowing golden altar of the Shining One.
  3707 | D:4      | Found a shadowy altar of Dithmenos.
  3853 | D:5      | Entered Level 5 of the Dungeon
  4139 | D:5      | Reached skill level 6 in Long Blades
  4162 | D:5      | Reached XP level 8. HP: 28/60 MP: 8/8
  4344 | D:5      | Reached skill level 5 in Dodging
  4757 | D:6      | Found Higraef's Weapon Boutique.
  4780 | D:6      | Found a sand-covered staircase.
  4785 | D:6      | Reached skill level 5 in Shields
  4831 | Ossuary  | Entered an ossuary
  4879 | Ossuary  | Slain by a mummy

Skill      XL: |  1  2  3  4  5  6  7  8 |
---------------+-------------------------+-----
Dodging        | 3 4 5 |  5.1
Long Blades    | 3 4 6 |  6.7
Fighting       | 4 |  4.9
Stealth        | 1 2 |  2.6
Shields        | 4 5 |  5.0

Action                   |  1- 3 |  4- 6 |  7- 9 || total
-------------------------+-------+-------+-------++-------
Melee: Long sword        |   113 |   130 |   106 ||   349
       Tailslap          |    14 |    15 |    16 ||    45
Invok: Ancestor Identity |       |     1 |       ||     1
 Abil: Breathe Lightning |       |       |     2 ||     2
  Use: Scroll            |     2 |     5 |     6 ||    13
       Potion            |       |     2 |     1 ||     3
 Stab: Distracted        |       |     2 |     2 ||     4
  Eat: Chunk             |     1 |     6 |     6 ||    13
Armor: Skin              |    43 |    63 |    34 ||   140
Dodge: Dodged            |    50 |    63 |    56 ||   169
Block: Shield            |    66 |    82 |    47 ||   195
       Rpst.: Long sword |    15 |    23 |    16 ||    54
